 Dungeon Crawl Stone Soup version 0.27-a0-1281-ge233d83751 (webtiles) character file.

Game seed: 11240753399530597985

18323 Glokmah the Tainter (level 12, -1/91 HPs)
             Began as a Demonspawn Venom Mage on June 13, 2021.
             Was a Priest of Sif Muna.
             Slain by a five-headed hydra (6 damage)
             ... while petrified by a basilisk
             ... on level 1 of the Lair of Beasts on June 14, 2021.
             The game lasted 00:40:05 (17575 turns).

Glokmah the Tainter (Demonspawn Venom Mage)        Turns: 17575, Time: 00:40:05

Health: -1/91      AC: 10    Str: 12    XL:     12   Next: 26%
Magic:  11/22      EV:  2    Int: 16    God:    Sif Muna [***...]
Gold:   592        SH:  0    Dex: 16    Spells: 12/25 levels left

rFire    . . .     SeeInvis .   a - +7 flail (protect)
rCold    + . .     Faith    .   (no shield)
rNeg     + + +     Spirit   .   e - +1 robe {rN+}
rPois    ∞         Reflect  +   s - +1 hat
rElec    .         Harm     .   r - +2 cloak
rCorr    .         Rampage  .   A - +0 pair of gloves
Will     .....                  w - +1 pair of boots {Fly}
Stlth    ++........             D - amulet of reflection
HPRegen  0.25/turn              c - ring of protection from cold
MPRegen  0.18/turn              t - ring of poison resistance

@: petrified, flying
A: horns 2, large bone plates 2, demonic guardian 1, ignite blood 1
a: Renounce Religion, Channel Magic, Forget Spell


You were on level 1 of the Lair of Beasts.
You worshipped Sif Muna.
Sif Muna was most pleased with you.
You visited 3 branches of the dungeon, and saw 14 of its levels.
You also visited: Bailey.

You collected 796 gold pieces.
You spent 204 gold pieces at shops.

Inventory:

Hand Weapons
 a - a +7 flail of protection (weapon)
Missiles
 b - a curare-tipped dart
 g - 20 boomerangs
 q - 98 poisoned darts (quivered)
 B - 3 javelins
 I - a throwing net
Armour
 e - a +1 robe of positive energy (worn)
 n - a +0 cloak of preservation
 r - a +2 cloak (worn)
 s - a +1 hat (worn)
 w - a +1 pair of boots of flying (worn)
 A - a +0 pair of gloves (worn)
Magical Staves
 J - a staff of conjuration
Jewellery
 c - a ring of protection from cold (left hand)
 t - a ring of poison resistance (right hand)
 D - an amulet of reflection (around neck)
 F - a ring of flight
 G - a +6 ring of dexterity
Wands
 l - a wand of paralysis (11)
 m - a wand of iceblast (7)
 u - a wand of flame (16)
 C - a wand of mindburst (37)
 H - a wand of acid (9)
Scrolls
 h - 5 scrolls of teleportation
 i - a scroll of torment
 p - 7 scrolls of identify
 y - a scroll of fear
 K - a scroll of amnesia
 L - 2 scrolls of blinking
 M - a scroll of enchant weapon
Potions
 d - 2 potions of might
 f - 5 potions of haste
 j - 5 potions of curing
 k - 3 potions of invisibility
 o - 2 potions of flight
 v - 3 potions of heal wounds
 x - 2 potions of brilliance
 z - a potion of magic
 E - a potion of berserk rage
Miscellaneous
 P - a phantom mirror


   Skills:
 + Level 7.1 Fighting
 + Level 6.9 Dodging
 - Level 1.7 Stealth
 * Level 7.0 Spellcasting
 + Level 4.7 Conjurations
 + Level 4.0 Transmutations
 + Level 5.2 Fire Magic
 + Level 2.5 Ice Magic
 - Level 4.0 Air Magic
 * Level 10.8 Poison Magic
 + Level 7.3 Invocations
 - Level 2.4 Evocations


You had 12 spell levels left.
You knew the following spells:

 Your Spells              Type           Power      Damage    Failure   Level
a - Sting                 Tmut/Pois      100%       1d8       1%          1
b - Poisonous Vapours     Pois/Air       58%        N/A       1%          2
c - Ignite Poison         Fire/Tmut/Pois 27%        N/A       2%          3
d - Mephitic Cloud        Conj/Pois/Air  26%        N/A       2%          3
e - Olgreb's Toxic Radia  Pois           40%        N/A       1%          4

Your spell library contained the following spells:

 Spells                   Type           Power      Damage    Failure   Level
 Conjure Flame            Conj/Fire      21%        6-21      4%          3
 Alistair's Intoxication  Tmut/Pois      19%        N/A       16%         5
 Sublimation of Blood     Necr           2%         N/A       19%         2
 Confusing Touch          Hex            5%         N/A       36%         3
 Gell's Gravitas          Tloc           2%         N/A       36%         3
 Petrify                  Tmut/Erth      12%        N/A       47%         4
 Irradiate                Conj/Tmut      9%         3d16      50%         5
 Freezing Cloud           Conj/Ice/Air   8%         6-21      58%         5
 Eringya's Noxious Bog    Tmut/Pois      14%        N/A       65%         6
 Yara's Violent Unravell  Hex/Tmut       6%         3d5       83%         5
 Metabolic Englaciation   Hex/Ice        4%         N/A       90%         5


Dungeon Overview and Level Annotations

Branches:
Dungeon (12/15)            Temple (1/1) D:7            Lair (1/6) D:11
    Orc (0/2) D:10         Bailey (visited)

Altars:
Ashenzari
Cheibriados
Dithmenos
Elyvilon
Fedhas
Gozag
Hepliaklqana
Kikubaaqudgha
Makhleb
Nemelex Xobeh
Okawaru
Qazlal
Ru
Sif Muna
Trog
Uskayaw
Vehumet
Wu Jian
Xom
Yredelemnul
Zin
The Shining One

Shops:
D:1 (

Portals:
Trove: D:11 (give 2 scrolls of acquirement)


Innate Abilities, Weirdness & Mutations

You have a pair of horns on your head.
You are mostly covered in large bone plates. (SH +6)
A weak demonic guardian rushes to your aid.
Your demonic aura sometimes causes spilled blood to erupt in flames.


Message History

A nearby plant withers and dies.
The basilisk gazes at you. You resist with some effort.
The five-headed hydra is engulfed in blazing flames.
The five-headed hydra barely misses you.
The five-headed hydra bites you but does no damage.
The five-headed hydra bites you. The five-headed hydra bites you!
The five-headed hydra bites you. The five-headed hydra bites you.
The five-headed hydra bites you but does no damage.
The five-headed hydra bites you.
A demonic guardian appears!
The five-headed hydra bites you. x2
The basilisk is engulfed in blazing flames.
The five-headed hydra bites you! x2
* * * LOW HITPOINT WARNING * * *
The five-headed hydra bites you.
* * * LOW HITPOINT WARNING * * *
The five-headed hydra bites you!
* * * LOW HITPOINT WARNING * * *
The five-headed hydra barely misses you.
Your quasit bites the five-headed hydra.
Your quasit claws the five-headed hydra. x2
The basilisk bites you!
* * * LOW HITPOINT WARNING * * *
The five-headed hydra barely misses your quasit.
The five-headed hydra bites your quasit!
The five-headed hydra bites your quasit but does no damage.
The five-headed hydra closely misses your quasit.
The five-headed hydra barely misses your quasit.
Your quasit bites the five-headed hydra.
Your quasit claws the five-headed hydra. x2
The basilisk bites you!
* * * LOW HITPOINT WARNING * * *
The five-headed hydra bites your quasit.
The five-headed hydra bites your quasit!
Your quasit dies!
The five-headed hydra bites you.
* * * LOW HITPOINT WARNING * * *
The five-headed hydra bites you!
You die...

#######..###
...........#
...........#
...........#
...........##
...........P#
......l....#
......D@...#
####.#.....#
##....#
#....#
#....##
#.....#
#....P#
#....##
##....##


You could see a five-headed hydra and a basilisk.

Vanquished Creatures
  Gastronok (D:8)
  A hydra (D:11)
  A catoblepas (D:11)
  2 two-headed ogres
  A boulder beetle (D:11)
  An orc knight (Bailey)
  An ugly thing (D:11)
  A manticore (D:11)
  3 cyclopes
  Maurice (D:8)
  Maggie (D:7)
  Psyche (D:8)
  4 kobold demonologists
  Grinder (D:5)
  2 hornets
  Prince Ribbit (D:5)
  A shadow (D:11)
  A steam dragon (D:10)
  A wraith (D:9)
  9 yaks
  Edmund (D:5)
  2 acid dragons (D:9)
  4 water moccasins
  Duvessa (D:5)
  13 orc warriors
  2 black bears (D:11)
  A sky beast (D:6)
  An ice beast (D:7)
  A necrophage (D:6)
  An ogre (D:6)
  4 centaurs
  8 kobold brigands
  Blork the orc (D:4)
  11 bullfrogs
  A gnoll sergeant (D:11)
  3 scorpions
  Dowan (D:5)
  2 water moccasin skeletons
  4 killer bees (D:11)
  3 howler monkeys
  4 electric eels (D:10)
  2 bullfrog zombies
  A hound (D:6)
  8 orc priests
  Crazy Yiuf (D:2)
  3 centaur zombies
  A jelly (D:5)
  A centaur skeleton (D:7)
  2 gnoll shamans
  5 iguanas
  Ijyb (D:5)
  9 orc wizards
  A hound skeleton (D:3)
  22 gnolls
  9 adders
  3 white imps
  2 ufetubi
  A worm (D:3)
  3 dart slugs
  40 orcs
  7 endoplasms
  2 giant cockroaches
  6 goblins
  7 hobgoblins
  12 jackals
  3 quokkas (D:1)
  6 ball pythons
  4 bats
  2 frilled lizards
  29 kobolds
  11 rats
308 creatures vanquished.

Vanquished Creatures (collateral kills)
  An orc priest (D:10)
1 creature vanquished.

Vanquished Creatures (others)
  37 fungi (D:11)
  33 plants
70 creatures vanquished.

Grand Total: 379 creatures vanquished

Notes
Turn   | Place    | Note
-------+----------+-------------------------------------------
     0 | D:1      | Glokmah the Demonspawn Venom Mage began the quest for the
                  | Orb.
     0 | D:1      | Reached XP level 1. HP: 13/13 MP: 3/3
   197 | D:1      | Reached skill level 1 in Transmutations
   492 | D:1      | Gained mutation: You have a pair of small horns on your
                  | head. [demonic ancestry]
   492 | D:1      | Reached XP level 2. HP: 18/20 MP: 0/5
   559 | D:1      | Learned a level 2 spell: Poisonous Vapours
   902 | D:1      | Found Fyxzusti's Antique Weapon Boutique.
  1208 | D:1      | Gained mutation: Your demonic aura sometimes causes spilled
                  | blood to erupt in flames. [demonic ancestry]
  1208 | D:1      | Reached XP level 3. HP: 25/25 MP: 3/6
  1212 | D:1      | Learned a level 3 spell: Ignite Poison
  1337 | D:1      | Found a faded altar of an unknown god.
  1852 | D:2      | Reached skill level 1 in Fighting
  2443 | D:2      | Found a runed translucent door.
  2444 | D:2      | Noticed Crazy Yiuf
  2453 | D:2      | Killed Crazy Yiuf
  2454 | D:2      | Reached XP level 4. HP: 18/32 MP: 0/7
  3359 | D:3      | Reached skill level 1 in Air Magic
  3743 | D:3      | Reached skill level 1 in Fire Magic
  3743 | D:3      | Reached skill level 4 in Poison Magic
  3743 | D:3      | Reached XP level 5. HP: 37/37 MP: 3/8
  3892 | D:3      | Learned a level 3 spell: Mephitic Cloud
  4599 | D:4      | Noticed Blork the orc
  4621 | D:3      | Gained mutation: A weak demonic guardian rushes to your
                  | aid. [demonic ancestry]
  4621 | D:3      | Reached XP level 6. HP: 25/44 MP: 0/10
  5188 | D:4      | Killed Blork the orc
  5189 | D:4      | Reached skill level 1 in Conjurations
  5315 | D:4      | Found a bloodstained altar of Trog.
  5671 | D:5      | Entered Level 5 of the Dungeon
  5943 | D:5      | Noticed a hornet
  6069 | D:5      | Noticed Ijyb
  6078 | D:5      | Killed Ijyb
  6259 | D:5      | Noticed Duvessa
  6266 | D:5      | Noticed Dowan
  6270 | D:4      | Reached XP level 7. HP: 39/50 MP: 2/11
  6366 | D:5      | Killed a hornet
  6367 | D:5      | Reached skill level 5 in Poison Magic
  6588 | D:5      | Noticed Grinder
  6630 | D:5      | Killed Grinder
  6699 | D:5      | Reached XP level 8. HP: 56/57 MP: 6/13
  6831 | D:5      | Noticed Edmund
  6880 | D:5      | Killed Edmund
  7167 | D:5      | Learned a level 4 spell: Olgreb's Toxic Radiance
  7276 | D:5      | Noticed Prince Ribbit
  7281 | D:5      | Killed Prince Ribbit
  7609 | D:5      | Killed Dowan
  7908 | D:5      | Killed Duvessa
  7909 | D:5      | Reached skill level 6 in Poison Magic
  7909 | D:5      | Reached skill level 1 in Evocations
  8444 | D:6      | Reached XP level 9. HP: 48/64 MP: 0/15
  8836 | D:6      | Reached skill level 7 in Poison Magic
  9540 | D:7      | Noticed a two-headed ogre
  9547 | D:7      | Killed a two-headed ogre
  9924 | D:7      | Found a staircase to the Ecumenical Temple.
  9976 | Temple   | Entered the Ecumenical Temple
 10138 | Temple   | Became a worshipper of Sif Muna the Loreminder
 10178 | D:7      | Reached skill level 5 in Spellcasting
 10249 | D:7      | Reached skill level 5 in Dodging
 10249 | D:7      | Reached skill level 8 in Poison Magic
 10249 | D:7      | Gained mutation: You are partially covered in large bone
                  | plates. (SH +4) [demonic ancestry]
 10249 | D:7      | Reached XP level 10. HP: 73/73 MP: 9/17
 10256 | D:7      | Reached skill level 1 in Invocations
 10393 | D:7      | Noticed Maggie
 10398 | D:7      | Killed Maggie
 10399 | D:7      | Reached skill level 5 in Fighting
 10972 | D:8      | Noticed a two-headed ogre
 11129 | D:8      | Killed a two-headed ogre
 11129 | D:8      | Reached * piety under Sif Muna
 11132 | D:8      | Noticed Psyche
 11291 | D:8      | Killed Psyche
 11427 | D:8      | Found a broken altar of Ashenzari.
 11464 | D:8      | Noticed Maurice
 11468 | D:8      | Paralysed by something for 3 turns
 11475 | D:8      | Killed Maurice
 11541 | D:8      | Noticed Gastronok
 11551 | D:8      | Killed Gastronok
 11552 | D:8      | Reached skill level 9 in Poison Magic
 11853 | D:8      | Gained mutation: You are mostly covered in large bone
                  | plates. (SH +6) [demonic ancestry]
 11853 | D:8      | Reached XP level 11. HP: 77/81 MP: 12/20
 12414 | D:9      | Reached skill level 5 in Invocations
 13219 | D:10     | Entered Level 10 of the Dungeon
 14040 | D:10     | Reached skill level 10 in Poison Magic
 14049 | D:10     | Reached ** piety under Sif Muna
 14376 | D:10     | Found a staircase to the Orcish Mines.
 14925 | D:11     | Noticed a cyan ugly thing
 14931 | D:11     | Killed a cyan ugly thing
 15036 | D:11     | Noticed a catoblepas
 15047 | D:11     | Killed a catoblepas
 15048 | D:11     | Reached skill level 1 in Ice Magic
 15096 | D:11     | Found a flagged portal.
 15104 | D:11     | Identified the +8 halberd "Conservator" {vorpal, rF+}
 15107 | Bailey   | Entered a bailey
 15419 | Bailey   | Noticed an orc knight
 15426 | Bailey   | Killed an orc knight
 15550 | Bailey   | Identified the +4 tower shield "Qesis" {Drain rElec Regen+
                  | rCorr}
 15898 | D:1      | Bought a dazzling flail for 204 gold pieces
 15898 | D:1      | Identified the +5 flail "Lax Ocisi" {freeze, Fly Str+3
                  | Int-3} (You bought it in a shop on level 1 of the Dungeon)
 16227 | D:11     | Found a bloodstained altar of Trog.
 16258 | D:11     | Reached skill level 5 in Fire Magic
 16324 | D:11     | Gained mutation: You have a pair of horns on your head.
                  | [demonic ancestry]
 16324 | D:11     | Reached XP level 12. HP: 89/89 MP: 12/22
 16415 | D:11     | Found a staircase to the Lair.
 16426 | D:11     | Reached *** piety under Sif Muna
 16938 | D:11     | Noticed a four-headed hydra
 16949 | D:11     | Killed a four-headed hydra
 17076 | D:11     | Noticed a boulder beetle
 17085 | D:11     | Killed a boulder beetle
 17236 | D:11     | Found a portal to a secret trove of treasure.
 17543 | D:11     | Upgraded the game from 0.27-a0-1280-g9d2d252d84 to
                  | 0.27-a0-1281-ge233d83751
 17544 | Lair:1   | Entered Level 1 of the Lair of Beasts
 17565 | Lair:1   | Noticed a five-headed hydra
 17575 | Lair:1   | Slain by a five-headed hydra

Illustrated notes

Levels and vault maps discovered:
D:1:      elethiomel_arrival_diamonds, layout_basic,
          ebering_ecumenical_altar_hall, serial_shops, shop, minmay_ruptured
D:2:      layout_loops_ring, uniq_crazy_yiuf_cottage
D:3:      layout_basic, chequers_serial_rivers_micro_e
D:4:      layout_cave_pools, chequers_temple_overflow_statue_of_worship,
          serial_rivers, chequers_serial_rivers_small_a,
          chequers_serial_rivers_marsh, chequers_serial_rivers_micro_a,
          chequers_serial_rivers_small_3, chequers_serial_rivers_micro_c,
          chequers_serial_rivers_small_a, uniq_blork_the_orc
D:5:      layout_basic, uniq_duvessa, uniq_grinder, uniq_edmund, uniq_ijyb,
          uniq_prince_ribbit1
D:6:      layout_rooms
D:7:      layout_basic, minmay_temple_entry_statues_pillars, uniq_maggie
D:8:      layout_rooms, evilmike_ruin_ashenzari, uniq_maurice, uniq_psyche,
          uniq_gastronok
D:9:      layout_roguey, grunt_decor_resistance
D:10:     layout_irregular_city, erik_orc_2, hangedman_decor_growths,
          kennysheep_generic_room_7
D:11:     nzn_motion_control, layout_grid_maze, due_lair_maze_entry_diamond,
          enter_trove_1, enter_bailey_2, trog_antimagical
D:12:     layout_long_grid, okawaru_gym_becter, uniq_nergalle
Temple:   hc_temple_tempest_star
Lair:1:   layout_big_grid, gammafunk_ghost_ooze, gauntlet_entry_generic,
          grunt_megastairs_3

Skill      XL: |  1  2  3  4  5  6  7  8  9 10 11 12 |
---------------+-------------------------------------+-----
Transmutations | 1 2 3 4 |  4.0
Dodging        | 2 3 4 5 6 |  6.9
Fighting       | 1 2 3 4 6 7 |  7.1
Air Magic      | 1 2 3 4 |  4.0
Fire Magic     | 1 2 3 4 5 |  5.2
Poison Magic   | 4 5 6 8 9 10 | 10.8
Conjurations   | 1 2 3 4 |  4.7
Spellcasting   | 3 4 5 6 7 |  7.0
Evocations     | 1 2 |  2.4
Invocations    | 4 6 7 |  7.3
Ice Magic      | 2 |  2.5
Stealth        | |  1.7

Action                   |  1- 3 |  4- 6 |  7- 9 | 10-12 || total
-------------------------+-------+-------+-------+-------++-------
Melee: Unarmed           |     8 |       |       |       ||     8
       Dagger            |    33 |    56 |       |       ||    89
       Headbutt          |     1 |    12 |    10 |     9 ||    32
       Quarterstaff      |       |     4 |     6 |       ||    10
       Flail             |       |       |    62 |    65 ||   127
Throw: Dart              |       |     2 |     1 |       ||     3
 Cast: Sting             |    35 |    68 |    17 |    40 ||   160
       Poisonous Vapours |    17 |    45 |    50 |    76 ||   188
       Ignite Poison     |     1 |     3 |    20 |    56 ||    80
       Mephitic Cloud    |       |       |     9 |    17 ||    26
       Olgreb's Toxic Ra |       |       |     9 |    38 ||    47
  Use: Scroll            |       |    11 |       |    10 ||    21
Armor: Robe              |     1 |       |       |    35 ||    36
       Leather armour    |    18 |    35 |    42 |     4 ||    99
       Acid dragon scale |       |       |       |     1 ||     1
Dodge: Dodged            |    31 |    59 |    85 |    77 ||   252
Block: Other             |       |       |       |    71 ||    71
       Reflection        |       |       |       |     7 ||     7

Table legend: (Time is in decaauts)
 A = Elapsed time spent in this place.
 B = Non-inter-level travel time spent in this place.
 C = Inter-level travel time spent in this place.
 D = Time resting spent in this place.
 E = Time spent auto-exploring this place.
 F = Levels seen in this place.
 G = Mean time per level.
                   A        B        C        D        E       F      G
               +--------+--------+--------+--------+--------+-----+--------+
         Total |  17674 |  15931 |   1743 |   3434 |   9672 |  15 | 1178.3 |
       Dungeon |  16891 |  15169 |   1722 |   3188 |   9457 |  12 | 1407.6 |
        Temple |    175 |    154 |     21 |      0 |    131 |   1 |  175.0 |
          Lair |     32 |     32 |      0 |      0 |      0 |   1 |   32.0 |
        Bailey |    574 |    574 |      0 |    246 |     84 |   1 |  574.0 |
               +--------+--------+--------+--------+--------+-----+--------+

Top non-repeatable levels by time:
     D:5: 2179 daAuts
     D:3: 1950 daAuts
     D:1: 1778 daAuts
    D:11: 1734 daAuts
    D:10: 1683 daAuts
     D:4: 1530 daAuts
     D:7: 1499 daAuts
     D:2: 1332 daAuts
     D:9: 1203 daAuts
     D:6: 1083 daAuts
     D:8: 913 daAuts
  Bailey: 574 daAuts
  Temple: 175 daAuts
  Lair:1: 32 daAuts
    D:12: 1 daAuts
